 Dungeon Crawl Stone Soup version 0.29-a0-732-g3d7fbe0af2 (webtiles) character file.

Game seed: 1880612679517649451

639 IdlyInterested the Shield-Bearer (level 7, 0/54 HPs)
             Began as a Demonspawn Fighter on June 29, 2022.
             Slain by a gnoll
             ... wielding a +0 halberd
             ... led by a gnoll shaman
              (8 damage)
             ... on level 5 of the Dungeon.
             The game lasted 00:12:01 (4923 turns).

IdlyInterested the Shield-Bearer (DsFi)             Turns: 4923, Time: 00:12:01

Health: 0/54       AC: 13    Str: 13    XL:     7   Next: 26%
Magic:  7/7        EV:  6    Int:  9    God:
Gold:   192        SH: 11    Dex: 21    Spells: 6/6 levels left

rFire   x . .      SeeInvis .   a - +0 long sword
rCold   + . .      Faith    .   c - +1 buckler
rNeg    . . .      Spirit   .   g - +0 chain mail
rPois   +          Reflect  .   (no helmet)
rElec   .          Harm     .   o - +1 cloak
rCorr   .          Rampage  .   (no gloves)
Will    .....                   (no boots)
Stlth   ..........              (no amulet)
HPRegen 0.18/turn               j - ring of flight
MPRegen 0.10/turn               k - ring "Pyonop" {Ice rPois Str-4 Dex+7}

@: mighty, flying
A: rugged brown scales 2, condensation shield, talons 2
a: no special abilities


You were on level 5 of the Dungeon.
You visited 1 branch of the dungeon, and saw 5 of its levels.

You collected 192 gold pieces.

Inventory:

Hand Weapons
 a - a +0 long sword (weapon)
 h - a +0 short sword
 r - a +0 long sword
 x - a +0 great sword
Missiles
 m - 3 curare-tipped darts (quivered)
Armour
 b - a +0 scale mail
 c - a +1 buckler (worn)
 g - a +0 chain mail (worn)
 o - a +1 cloak (worn)
Magical Staves
 e - a staff of air
 q - a staff of fire
Jewellery
 j - a ring of flight (left hand)
 k - the ring "Pyonop" (right hand) {Ice rPois Str-4 Dex+7}
   (You found it on level 2 of the Dungeon)

   [ring of ice]

   It enhances your ice magic.
   Str:       It affects your strength (-4).
   Dex:       It affects your dexterity (+7).
   rF:        It makes you vulnerable to fire.
   rC:        It protects you from cold.
   rPois:     It protects you from poison.
Wands
 f - a wand of polymorph (8)
Scrolls
 i - 3 scrolls of enchant armour
 n - a scroll of amnesia
 p - a scroll of blinking
 w - a scroll of identify
Potions
 d - 2 potions of might
 l - 2 potions of flight
 s - a potion of lignification
 v - a potion of magic


   Skills:
 - Level 3.0 Fighting
 * Level 5.0 Long Blades
 - Level 3.0 Armour
 + Level 1.5 Dodging
 - Level 1.0 Stealth
 * Level 5.3 Shields
 - Level 1.0 Evocations


You had 6 spell levels left.
You didn't know any spells.
Your spell library contained the following spells:

 Spells                   Type           Power      Damage    Failure   Level
 Blink                    Tloc           0%         N/A       100%        2
 Static Discharge         Conj/Air       0%         N/A       100%        2
 Sublimation of Blood     Necr           0%         N/A       100%        2
 Wereblood                Tmut           0%         N/A       100%        2
 Lightning Bolt           Conj/Air       0%         1d11      100%        5
 Manifold Assault         Tloc           0%         N/A       100%        5
 Storm Form               Tmut/Air       0%         N/A       100%        7
 Summon Hydra             Summ           0%         N/A       100%        7
 Maxwell's Capacitive Co  Air            0%         ∞         100%        8


Dungeon Overview and Level Annotations

Branches:
Dungeon (5/15)
 Temple: D:4-7

Altars:
Elyvilon
Kikubaaqudgha
Okawaru

Shops:
D:1 ([   D:3 [(


Innate Abilities, Weirdness & Mutations

You are mostly covered in rugged brown scales. (AC +2, +5% HP)
A meltable shield of frost defends you. (SH +4)
You have razor-sharp toenails.


Message History

The gnoll shaman moves out of view.
You see here a +0 club.
A gnoll comes into view. It is wielding a +0 whip.
The gnoll shouts!
A gnoll comes into view. It is wielding a +0 flail.
You see here a +0 club.
You block the gnoll's attack.
The gnoll shaman calls upon its god to speed up the gnoll.
The gnoll seems to speed up.
The gnoll hits you with a +0 halberd!
You barely miss the gnoll shaman. You block the gnoll's attack.
The gnoll hits you but does no damage. You block the gnoll shaman's attack.
You hit the gnoll shaman but do no damage.
Your kick misses the gnoll shaman. You block the gnoll's attack.
The gnoll shaman hits you with a +0 club.
The gnoll barely misses you.
You hit the gnoll shaman.
The gnoll shaman is moderately wounded.
The gnoll closely misses you. The gnoll shaman barely misses you.
You hit the gnoll shaman but do no damage.
You claw the gnoll shaman.
The gnoll shaman is heavily wounded.
You block the gnoll's attack.
The gnoll shaman hits you with a +0 club.
* * * LOW HITPOINT WARNING * * *
The gnoll closely misses you.
You feel very mighty all of a sudden. The gnoll barely misses you.
You block the gnoll shaman's attack. You block the gnoll's attack.
You hit the gnoll shaman. Your kick misses the gnoll shaman.
The gnoll shaman is severely wounded.
The gnoll hits you from afar with a +0 halberd.
* * * LOW HITPOINT WARNING * * *
The gnoll shaman hits you but does no damage.
You barely miss the gnoll shaman. You claw the gnoll shaman!
You kill the gnoll shaman!
The gnoll hits you from afar with a +0 halberd.
* * * LOW HITPOINT WARNING * * *
The gnoll hits you from afar with a +0 halberd!
You die...

. .. ...## ......
#.. #....####...#
#....##.#.#
#.##.##.#.#
#@##.#.# ##
#)##.#.# ##..
#g##.#.# #...#
#g##.#.#
#..###gg....#
..###.g).......#
......).#......#
.......).......#
##.............##


You could see 4 gnolls.

Vanquished Creatures
  Sigmund (D:3)
  A black bear (D:4)
  A scorpion (D:4)
  A gnoll shaman (D:5)
  2 orc priests (D:5)
  2 iguanas
  4 gnolls
  7 adders
  2 worms
  5 dart slugs
  5 orcs
  7 ball pythons
  7 endoplasms
  5 giant cockroaches
  10 goblins
  8 hobgoblins
  9 jackals
  4 quokkas
  7 bats
  3 frilled lizards
  7 kobolds
  5 rats
103 creatures vanquished.

Notes
Turn   | Place    | Note
-------+----------+-------------------------------------------
     0 | D:1      | IdlyInterested the Demonspawn Fighter began the quest for
                  | the Orb.
     0 | D:1      | Reached XP level 1. HP: 18/18 MP: 1/1
    79 | D:1      | Gained mutation: A meltable shield of frost defends you.
                  | (SH +4) [demonic ancestry]
    79 | D:1      | Reached XP level 2. HP: 20/24 MP: 2/2
   207 | D:1      | Found a faded altar of an unknown god.
   378 | D:1      | Found Feofroatupt's Weapon Boutique.
   439 | D:1      | Reached XP level 3. HP: 17/29 MP: 3/3
   653 | D:1      | Found Wub Ropo's Antique Armour Emporium.
  1400 | D:2      | Reached XP level 4. HP: 27/35 MP: 4/4
  1410 | D:2      | Identified the ring "Pyonop" {Ice rPois Str-4 Dex+7}
  1732 | D:2      | Reached skill level 1 in Dodging
  2179 | D:2      | Gained mutation: You are partially covered in rugged brown
                  | scales. (AC +1, +3% HP) [demonic ancestry]
  2179 | D:2      | Reached XP level 5. HP: 18/42 MP: 5/5
  2680 | D:2      | Gained mutation: Armour fits poorly on your strangely
                  | shaped body. [potion of mutation]
  2680 | D:2      | Gained mutation: Your spells are a little harder to cast,
                  | but a little more powerful. [potion of mutation]
  2700 | D:3      | Noticed Sigmund
  2706 | D:3      | Killed Sigmund
  2707 | D:3      | Reached skill level 1 in Stealth
  2707 | D:3      | Gained mutation: You are mostly covered in rugged brown
                  | scales. (AC +2, +5% HP) [demonic ancestry]
  2707 | D:3      | Reached XP level 6. HP: 42/49 MP: 6/6
  2812 | D:3      | Found Jemoyfam's Weapon Emporium.
  2904 | D:3      | Found Hablu's Antique Armour Emporium.
  3593 | D:3      | Lost mutation: Your spells are a little harder to cast, but
                  | a little more powerful. [potion of mutation]
  3593 | D:3      | Lost mutation: Armour fits poorly on your strangely shaped
                  | body. [potion of mutation]
  3593 | D:3      | Gained mutation: You have sharp toenails. [potion of
                  | mutation]
  3593 | D:3      | Gained mutation: You have razor-sharp toenails. [potion of
                  | mutation]
  3775 | D:4      | Reached skill level 1 in Evocations
  3867 | D:4      | Reached skill level 5 in Shields
  4219 | D:4      | Reached XP level 7. HP: 41/54 MP: 7/7
  4330 | D:4      | Found an ancient bone altar of Kikubaaqudgha.
  4331 | D:4      | Found an iron altar of Okawaru.
  4813 | D:5      | Entered Level 5 of the Dungeon
  4849 | D:5      | Reached skill level 5 in Long Blades
  4923 | D:5      | Slain by a gnoll

Illustrated notes

Levels and vault maps discovered:
D:1:      evilmike_arrival_rings, layout_basic,
          hellmonk_ecumenical_altar_blasted, serial_shops, nicolae_diamond_shop,
          nicolae_shop_behind_doors
D:2:      layout_loops_corners, minmay_small_reverse_x
D:3:      layout_basic, serial_shops, shop, nicolae_shop_trees,
          minmay_fractal_squares_gapless_5, uniq_sigmund
D:4:      layout_loops_corners, nicolae_overflow_hidden_temple
D:5:      layout_rooms, uniq_eustachio

Skill      XL: |  1  2  3  4  5  6  7 |
---------------+----------------------+-----
Long Blades    | 2 3 4 5 |  5.0
Shields        | 3 4 5 |  5.3
Armour         | 3 |  3.0
Dodging        | 1 |  1.5
Stealth        | 1 |  1.0
Evocations     | 1 |  1.0
Fighting       | |  3.0

Action                   |  1- 3 |  4- 6 |  7- 9 || total
-------------------------+-------+-------+-------++-------
Melee: Long sword        |   125 |   143 |    43 ||   311
       Kick              |       |    16 |    16 ||    32
  Use: Potion            |     1 |     5 |     1 ||     7
       Scroll            |     1 |     5 |     3 ||     9
Armor: Scale mail        |    27 |     7 |       ||    34
       Chain mail        |    40 |    33 |    21 ||    94
Dodge: Dodged            |    41 |    28 |     9 ||    78
Block: Buckler           |    69 |    83 |    33 ||   185

Table legend: (Time is in decaauts)
 A = Elapsed time spent in this place.
 B = Non-inter-level travel time spent in this place.
 C = Inter-level travel time spent in this place.
 D = Time resting spent in this place.
 E = Time spent auto-exploring this place.
 F = Levels seen in this place.
 G = Mean time per level.
                   A        B        C        D        E       F      G
               +--------+--------+--------+--------+--------+-----+--------+
         Total |   5005 |   4819 |    186 |   1257 |   2521 |   5 | 1001.0 |
       Dungeon |   5005 |   4819 |    186 |   1257 |   2521 |   5 | 1001.0 |
               +--------+--------+--------+--------+--------+-----+--------+

Top non-repeatable levels by time:
     D:2: 1658 daAuts
     D:4: 1122 daAuts
     D:1: 1114 daAuts
     D:3: 995 daAuts
     D:5: 114 daAuts
